Los Angeles Kings vs Nashville Predators
Created - Tuesday, April 16, 2024 at 07:18
Goals
|
| Los Angeles Kings |
0 |
3 |
1 |
4 |
| Nashville Predators |
1 |
1 |
3 |
5 |
|
Shots
|
| Los Angeles Kings |
7 |
16 |
9 |
32 |
| Nashville Predators |
9 |
3 |
20 |
32 |
|
1st period
1. Nashville Predators , Jacob Peterson 18 (Corey Perry 9, Markus Niemelainen 8) at 2:26
Penalties :
Peyton Krebs (LAK) for Interference (Minor) at 6:52, Joshua Brown (LAK) for Holding (Minor) at 11:14, Oliver Kylington (NSH) for Goalie Interference (Minor) at 17:25
2nd period
2. Nashville Predators , Jacob Peterson 19 (Jakub Voracek 19, Oliver Kylington 4) at 9:55
3. Los Angeles Kings , K'Andre Miller 4 (Alexander Radulov 16, John Gibson) at 12:18
4. Los Angeles Kings , Noah Dobson 8 (Owen Power 13, Cooper Marody 6) at 15:59
5. Los Angeles Kings , K'Andre Miller 5 (Marco Rossi 8, Alexander Radulov 17) at 17:18 (PP)
Penalties :
Jacob Peterson (NSH) for Holding (Minor) at 0:58, Corey Perry (NSH) for Tripping (Minor) at 17:10, Kevin Labanc (NSH) for Slashing (Minor) at 18:25
3rd period
6. Los Angeles Kings , Vitali Kravtsov 6 (Cooper Marody 7, K'Andre Miller 22) at 2:17
7. Nashville Predators , Jacob Peterson 20 (Nate Schmidt 21, Henri Jokiharju 15) at 14:14 (PP)
8. Nashville Predators , Alex Newhook 14 (Morgan Frost 21) at 15:06 (PP)
9. Nashville Predators , Jakub Voracek 24 (Jacob Peterson 29, Ryan Carpenter 9) at 15:41
Penalties :
Andrei Svechnikov (LAK) for High sticking (Minor) at 4:09, Owen Power (LAK) for High sticking (Minor) at 14:01, K'Andre Miller (LAK) for Tripping (Minor) at 14:51, Patrick Maroon (NSH) for Holding (Minor) at 18:03
Goalie Stats
John Gibson (LAK), 27 saves from 32 shots - (0.844), L, 18-24-5, 60:00 minutes
Anthony Stolarz (NSH), 28 saves from 32 shots - (0.875), W, 7-4-0, 60:00 minutes
Players Stats for Los Angeles Kings
Player Name G A P +/- PIM S H SB GA TA FO MP PP MP PK MP
------------------------------------------------------------------------------------
Alexander Radulov 0 2 2 0 0 0 2 1 0 0 8/20 19:20 3:53 2:58
Alexander Romanov 0 0 0 0 0 1 2 2 0 1 0/0 23:14 3:57 3:12
Andrei Kuzmenko 0 0 0 -1 0 5 1 1 0 1 1/2 20:30 4:08 3:25
Andrei Svechnikov 0 0 0 -1 2 3 3 0 3 0 2/3 19:15 4:08 2:10
Cole Perfetti 0 0 0 -1 0 2 0 0 0 1 6/13 16:26 3:53 1:17
Cooper Marody 0 2 2 2 0 0 1 1 1 0 3/4 8:55 0:00 0:00
Erik Brannstrom 0 0 0 0 0 0 1 1 0 1 0/0 13:19 0:00 0:13
Jakub Zboril 0 0 0 2 0 1 1 0 0 0 0/0 8:42 0:00 0:00
Joshua Brown 0 0 0 0 2 0 1 1 0 0 0/0 13:27 0:00 0:00
K'Andre Miller 2 1 3 0 2 4 0 1 0 0 0/0 23:13 3:57 3:12
Marco Rossi 0 1 1 -1 0 0 0 1 0 0 0/1 14:47 3:53 0:00
Noah Dobson 1 0 1 0 0 4 0 2 0 0 0/0 23:40 4:04 3:13
Owen Power 0 1 1 0 2 4 2 3 0 0 0/0 23:26 4:04 3:00
Peyton Krebs 0 0 0 0 2 1 1 0 0 0 0/0 13:01 0:00 0:02
Ryan Reaves 0 0 0 -1 0 2 1 0 0 0 0/0 10:51 0:00 0:00
Seth Jarvis 0 0 0 -1 0 1 0 1 0 0 6/15 20:05 4:08 2:58
Trent Frederic 0 0 0 0 0 0 0 0 2 0 1/1 12:37 0:00 0:00
Vitali Kravtsov 1 0 1 2 0 4 1 0 1 1 0/0 8:42 0:00 0:00
Players Stats for Nashville Predators
Player Name G A P +/- PIM S H SB GA TA FO MP PP MP PK MP
------------------------------------------------------------------------------------
Alex Newhook 1 0 1 0 0 2 1 1 1 2 1/2 18:53 3:09 4:10
Alexander Alexeyev 0 0 0 -1 0 0 1 1 1 1 0/0 23:40 3:14 3:36
Brett Leason 0 0 0 0 0 0 1 0 0 0 0/0 7:03 0:00 0:00
Corey Perry 0 1 1 0 2 0 1 1 0 0 6/11 11:30 0:00 0:00
Ethan Bear 0 0 0 -1 0 2 0 1 1 1 0/0 16:46 0:00 0:00
Henri Jokiharju 0 1 1 0 0 2 0 2 0 0 0/0 23:34 3:11 4:25
Jacob Peterson 3 1 4 0 2 7 1 1 1 0 0/1 19:13 3:15 2:49
Jakub Voracek 1 1 2 0 0 3 1 1 0 0 1/1 15:34 3:15 0:00
Kevin Labanc 0 0 0 0 2 0 1 0 1 0 0/0 14:38 0:01 0:24
Markus Niemelainen 0 1 1 1 0 1 2 0 0 0 0/0 19:40 3:14 3:36
Morgan Frost 0 1 1 0 0 3 1 1 0 0 12/21 20:27 3:09 3:51
Nate Schmidt 0 1 1 0 0 4 0 2 0 0 0/0 23:34 3:11 4:25
Oliver Kylington 0 1 1 1 2 0 0 0 0 2 0/0 12:49 0:00 0:00
Patrick Maroon 0 0 0 0 2 3 2 0 0 0 0/2 8:22 0:01 0:56
Ryan Carpenter 0 1 1 0 0 2 0 0 0 0 1/2 11:14 0:00 3:33
Sam Gagner 0 0 0 0 0 3 0 0 0 0 0/0 17:12 3:09 0:19
Thomas Novak 0 0 0 0 0 0 1 0 0 1 11/18 15:54 3:15 0:00
Zemgus Girgensons 0 0 0 0 0 0 0 1 0 0 0/1 11:51 0:01 0:00
3 Stars
1 - Jacob Peterson (NSH)
2 - K'Andre Miller (LAK)
3 - Jakub Voracek (NSH)
Power Play
Los Angeles Kings - 1 on 5 Attempt(s) - 20.00%
Nashville Predators - 2 on 5 Attempt(s) - 40.00%
Penalty Kill
Los Angeles Kings - 3 on 5 Attempt(s) - 60.00%
- Score 0 goal in Penalty Kill
Nashville Predators - 4 on 5 Attempt(s) - 80.00%
- Score 0 goal in Penalty Kill
Team Stat
Los Angeles Kings - Hits : 17 - Faceoff Wins : 27 - Blocked Shots : 15 - Penalty Minutes : 10
Nashville Predators - Hits : 13 - Faceoff Wins : 32 - Blocked Shots : 12 - Penalty Minutes : 10
Official
Referees : Garrett Rank and Steve Kozari
Linesman : Steve Barton and Scott Cherrey
Game Notes
14:14 of 3rd period - Nashville Predators goal is going for a video replay. After video review, Goal.
Jacob Peterson has scored a Hat Trick!
Finance
Level 1 -- Attendance: 4974 (82.90%) -- Ticket Income $497,400
Level 2 -- Attendance: 3897 (77.94%) -- Ticket Income $233,820
Level 3 -- Attendance: 2244 (74.80%) -- Ticket Income $78,540
Level 4 -- Attendance: 3357 (67.14%) -- Ticket Income $83,925
Luxury Box -- Attendance: 813 (81.30%) -- Ticket Income $162,600
Game was played at the Bridgestone Arena.
Total Attendance: 15285 (76.43%)
Total Ticket Income: $1,056,285
Other Income: $369,700
Total Income: $1,425,985
Los Angeles Kings
5 vs 5 Forward
Center Left Wing Right Wing Time % Phy DF OF
1 Seth Jarvis Andrei Svechnikov Andrei Kuzmenko 30 1 2 2
2 Alexander Radulov Trent Frederic Peyton Krebs 30 1 2 2
3 Cole Perfetti Ryan Reaves Marco Rossi 25 1 2 2
4 Cooper Marody Vitali Kravtsov Jakub Zboril 15 1 2 2
5 vs 5 Defense
Defense Defense Time % Phy DF OF
1 K'Andre Miller Alexander Romanov 35 1 2 2
2 Noah Dobson Owen Power 35 1 2 2
3 Joshua Brown Erik Brannstrom 30 1 2 2
4 K'Andre Miller Alexander Romanov 0 1 2 2
PowerPlay Forward
Center Left Wing Right Wing Time % Phy DF OF
1 Seth Jarvis Andrei Svechnikov Andrei Kuzmenko 50 1 2 2
2 Alexander Radulov Cole Perfetti Marco Rossi 50 1 2 2
PowerPlay Defense
Defense Defense Time % Phy DF OF
1 K'Andre Miller Alexander Romanov 50 1 2 2
2 Noah Dobson Owen Power 50 1 2 2
Penalty Kill 4 Players Forward
Center Wing Time % Phy DF OF
1 Andrei Svechnikov Andrei Kuzmenko 50 1 2 2
2 Alexander Radulov Seth Jarvis 50 1 2 2
Penalty Kill 4 Players Defense
Defense Defense Time % Phy DF OF
1 K'Andre Miller Alexander Romanov 50 1 2 2
2 Noah Dobson Owen Power 50 1 2 2
Penalty Kill - 3 Players Forward
Forward Time % Phy DF OF
1 Andrei Svechnikov 50 1 2 2
2 Andrei Kuzmenko 50 1 2 2
Penalty Kill - 3 Players Defense
Defense Defense Time % Phy DF OF
1 K'Andre Miller Alexander Romanov 50 1 2 2
2 Noah Dobson Owen Power 50 1 2 2
4 vs 4 Forward
Center Wing Time % Phy DF OF
1 Andrei Svechnikov Andrei Kuzmenko 50 1 2 2
2 Alexander Radulov Seth Jarvis 50 1 2 2
4 vs 4 Defense
Defense Defense Time % Phy DF OF
1 K'Andre Miller Alexander Romanov 50 1 2 2
2 Noah Dobson Owen Power 50 1 2 2
Last Minutes Offensive
Center Left Wing Right Wing Defense Defense
Seth Jarvis Andrei Svechnikov Andrei Kuzmenko K'Andre Miller Alexander Romanov
Last Minutes Defensive
Center Left Wing Right Wing Defense Defense
Seth Jarvis Andrei Svechnikov Andrei Kuzmenko K'Andre Miller Alexander Romanov
Goaltenders
Starting : John Gibson
Backup : Jonas Johansson
Extra Forwards
Normal : Marco Rossi, Alexander Radulov, Cole Perfetti - PP : Marco Rossi, Alexander Radulov - PK : Cole Perfetti
Extra Defensemen
Normal : Joshua Brown, Erik Brannstrom, Noah Dobson - PP : Joshua Brown - PK : Erik Brannstrom, Noah Dobson
Penalty Shots
Andrei Svechnikov, Andrei Kuzmenko, Cole Perfetti, Seth Jarvis, Alexander Radulov
Nashville Predators
5 vs 5 Forward
Center Left Wing Right Wing Time % Phy DF OF
1 Thomas Novak Jacob Peterson Jakub Voracek 30 1 2 2
2 Morgan Frost Kevin Labanc Sam Gagner 30 1 2 2
3 Corey Perry Alex Newhook Zemgus Girgensons 25 1 2 2
4 Patrick Maroon Ryan Carpenter Brett Leason 15 1 2 2
5 vs 5 Defense
Defense Defense Time % Phy DF OF
1 Henri Jokiharju Nate Schmidt 35 1 2 2
2 Ethan Bear Alexander Alexeyev 35 1 2 2
3 Markus Niemelainen Oliver Kylington 30 1 2 2
4 Henri Jokiharju Nate Schmidt 0 1 2 2
PowerPlay Forward
Center Left Wing Right Wing Time % Phy DF OF
1 Thomas Novak Jacob Peterson Jakub Voracek 50 1 2 2
2 Morgan Frost Alex Newhook Sam Gagner 50 1 2 2
PowerPlay Defense
Defense Defense Time % Phy DF OF
1 Nate Schmidt Henri Jokiharju 50 1 2 2
2 Markus Niemelainen Alexander Alexeyev 50 1 2 2
Penalty Kill 4 Players Forward
Center Wing Time % Phy DF OF
1 Ryan Carpenter Jacob Peterson 50 1 2 2
2 Morgan Frost Alex Newhook 50 1 2 2
Penalty Kill 4 Players Defense
Defense Defense Time % Phy DF OF
1 Henri Jokiharju Nate Schmidt 50 1 2 2
2 Alexander Alexeyev Markus Niemelainen 50 1 2 2
Penalty Kill - 3 Players Forward
Forward Time % Phy DF OF
1 Ryan Carpenter 50 1 2 2
2 Morgan Frost 50 1 2 2
Penalty Kill - 3 Players Defense
Defense Defense Time % Phy DF OF
1 Henri Jokiharju Nate Schmidt 50 1 2 2
2 Markus Niemelainen Alexander Alexeyev 50 1 2 2
4 vs 4 Forward
Center Wing Time % Phy DF OF
1 Thomas Novak Jacob Peterson 50 1 2 2
2 Morgan Frost Sam Gagner 50 1 2 2
4 vs 4 Defense
Defense Defense Time % Phy DF OF
1 Henri Jokiharju Nate Schmidt 50 1 2 2
2 Alexander Alexeyev Markus Niemelainen 50 1 2 2
Last Minutes Offensive
Center Left Wing Right Wing Defense Defense
Thomas Novak Jacob Peterson Kevin Labanc Nate Schmidt Henri Jokiharju
Last Minutes Defensive
Center Left Wing Right Wing Defense Defense
Morgan Frost Corey Perry Ryan Carpenter Henri Jokiharju Nate Schmidt
Goaltenders
Starting : Anthony Stolarz
Backup : Samuel Ersson
Extra Forwards
Normal : Thomas Novak, Sam Gagner, Morgan Frost - PP : Sam Gagner, Alex Newhook - PK : Morgan Frost
Extra Defensemen
Normal : Henri Jokiharju, Oliver Kylington, Nate Schmidt - PP : Markus Niemelainen - PK : Alexander Alexeyev, Markus Niemelainen
Penalty Shots
Jacob Peterson, Jakub Voracek, Kevin Labanc, Morgan Frost, Thomas Novak
% Time on Ice - Los Angeles Kings
Lines # - Real PCT - Wanted PCT - Time Play
Normal Forward
1 - 29% - 30% - 13:19
2 - 28% - 30% - 12:42
3 - 24% - 25% - 10:51
4 - 19% - 15% - 8:42
Normal Defense
1 - 35% - 35% - 16:05
2 - 36% - 35% - 16:23
3 - 29% - 30% - 13:06
4 - 0% - 0% - 0:00
PP Forward
1 - 52% - 50% - 4:08
2 - 48% - 50% - 3:53
PP Defense
1 - 49% - 50% - 3:57
2 - 51% - 50% - 4:04
PK Forward
1 - 54% - 50% - 3:27
2 - 46% - 50% - 2:58
PK Defense
1 - 50% - 50% - 3:12
2 - 50% - 50% - 3:13
PK3 Forward
1 - 0% - 50%
2 - 0% - 50%
PK3 Defense
1 - 0% - 50%
2 - 0% - 50%
44 Forward
1 - 0% - 50%
2 - 0% - 50%
44 Defense
1 - 0% - 50%
2 - 0% - 50%
Last Minute Offensive - 0:00
Last Minute Defensive - 0:00
Total
Forward - 60:00
Defense - 60:00
|
% Time on Ice - Nashville Predators
Lines # - Real PCT - Wanted PCT - Time Play
Normal Forward
1 - 29% - 30% - 13:14
2 - 30% - 30% - 13:46
3 - 25% - 25% - 11:31
4 - 15% - 15% - 7:03
Normal Defense
1 - 35% - 35% - 15:58
2 - 37% - 35% - 16:50
3 - 28% - 30% - 12:46
4 - 0% - 0% - 0:00
PP Forward
1 - 51% - 50% - 3:15
2 - 49% - 50% - 3:10
PP Defense
1 - 50% - 50% - 3:11
2 - 50% - 50% - 3:14
PK Forward
1 - 52% - 50% - 4:12
2 - 48% - 50% - 3:49
PK Defense
1 - 55% - 50% - 4:25
2 - 45% - 50% - 3:36
PK3 Forward
1 - 0% - 50%
2 - 0% - 50%
PK3 Defense
1 - 0% - 50%
2 - 0% - 50%
44 Forward
1 - 0% - 50%
2 - 0% - 50%
44 Defense
1 - 0% - 50%
2 - 0% - 50%
Last Minute Offensive - 0:00
Last Minute Defensive - 0:00
Total
Forward - 60:00
Defense - 60:00
|
Play-by-Play
1st period
0:01 of 1st period - Thomas Novak wins face-off versus Seth Jarvis in neutral zone.
0:11 of 1st period - Icing by K'Andre Miller.
0:12 of 1st period - Andrei Kuzmenko wins face-off versus Morgan Frost in Los Angeles Kings zone.
0:31 of 1st period - Wrist shot by Andrei Svechnikov.
0:31 of 1st period - Stopped by Anthony Stolarz without a rebound.
0:32 of 1st period - Trent Frederic wins face-off versus Corey Perry in Nashville Predators zone.
2:26 of 1st period - Slapshot by Jacob Peterson.
2:26 of 1st period - Goal by Jacob Peterson - Los Angeles Kings : 0 - Nashville Predators : 1.
2:27 of 1st period - Thomas Novak wins face-off versus Cole Perfetti in neutral zone.
2:32 of 1st period - Backhand shot by Jacob Peterson.
2:32 of 1st period - Stopped by John Gibson with a rebound.
3:18 of 1st period - Alexander Alexeyev is hit by Cooper Marody and loses puck.
4:05 of 1st period - Icing by Markus Niemelainen.
4:06 of 1st period - Thomas Novak wins face-off versus Cole Perfetti in Nashville Predators zone.
4:29 of 1st period - Wrist shot by Thomas Novak.
4:29 of 1st period - Shot Blocked by Owen Power.
4:31 of 1st period - Snap shot by Jakub Voracek.
4:31 of 1st period - Deflect By Noah Dobson.
4:31 of 1st period - Shot Blocked by Marco Rossi.
4:31 of 1st period - Puck is out of play.
4:32 of 1st period - Morgan Frost wins face-off versus Alexander Radulov in Los Angeles Kings zone.
4:59 of 1st period - Snap shot by Cooper Marody.
4:59 of 1st period - Shot Misses the Net.
5:01 of 1st period - Wrist shot by Vitali Kravtsov.
5:01 of 1st period - Stopped by Anthony Stolarz with a rebound.
5:03 of 1st period - Snap shot by Owen Power.
5:03 of 1st period - Shot Blocked by Henri Jokiharju.
5:05 of 1st period - Slapshot by Owen Power.
5:05 of 1st period - Stopped by Anthony Stolarz without a rebound.
5:06 of 1st period - Alexander Radulov wins face-off versus Zemgus Girgensons in Nashville Predators zone.
6:17 of 1st period - Snap shot by Kevin Labanc.
6:17 of 1st period - Shot Misses the Net.
6:19 of 1st period - Slapshot by Nate Schmidt.
6:19 of 1st period - Shot Misses the Net.
6:21 of 1st period - Snap shot by Nate Schmidt.
6:21 of 1st period - Shot Blocked by Joshua Brown.
6:23 of 1st period - Snap shot by Morgan Frost.
6:23 of 1st period - Shot Misses the Net.
6:25 of 1st period - Slapshot by Nate Schmidt.
6:25 of 1st period - Stopped by John Gibson without a rebound.
6:26 of 1st period - Alexander Radulov wins face-off versus Alex Newhook in Los Angeles Kings zone.
6:33 of 1st period - Snap shot by Corey Perry.
6:33 of 1st period - Shot Blocked by Noah Dobson.
6:35 of 1st period - Snap shot by Alex Newhook.
6:35 of 1st period - Stopped by John Gibson without a rebound.
6:36 of 1st period - Corey Perry wins face-off versus Alexander Radulov in Los Angeles Kings zone.
6:52 of 1st period - Minor Penalty to Peyton Krebs for Interference.
6:53 of 1st period - Andrei Svechnikov wins face-off versus Thomas Novak in Los Angeles Kings zone.
8:31 of 1st period - Icing by Jacob Peterson.
8:32 of 1st period - Alexander Radulov wins face-off versus Thomas Novak in Nashville Predators zone.
8:52 of 1st period - Penalty to Peyton Krebs is over, Peyton Krebs is back on ice.
9:01 of 1st period - Off-side.
9:02 of 1st period - Cole Perfetti wins face-off versus Patrick Maroon in neutral zone.
9:11 of 1st period - Slapshot by Erik Brannstrom.
9:11 of 1st period - Shot Misses the Net.
9:17 of 1st period - Slapshot by Nate Schmidt.
9:17 of 1st period - Stopped by John Gibson with a rebound.
9:19 of 1st period - Wrist shot by Patrick Maroon.
9:19 of 1st period - Stopped by John Gibson without a rebound.
9:20 of 1st period - Seth Jarvis wins face-off versus Morgan Frost in Los Angeles Kings zone.
9:29 of 1st period - Slapshot by Sam Gagner.
9:29 of 1st period - Stopped by John Gibson with a rebound.
10:22 of 1st period - Alexander Alexeyev is hit by Erik Brannstrom and loses puck.
10:43 of 1st period - Henri Jokiharju is hit by Andrei Svechnikov and loses puck.
10:58 of 1st period - Snap shot by Thomas Novak.
10:58 of 1st period - Shot Misses the Net.
11:00 of 1st period - Snap shot by Jacob Peterson.
11:00 of 1st period - Stopped by John Gibson with a rebound.
11:14 of 1st period - Minor Penalty to Joshua Brown for Holding.
11:15 of 1st period - Thomas Novak wins face-off versus Andrei Svechnikov in Los Angeles Kings zone.
11:22 of 1st period - Snap shot by Jacob Peterson.
11:22 of 1st period - Stopped by John Gibson without a rebound.
11:23 of 1st period - Andrei Svechnikov wins face-off versus Thomas Novak in Los Angeles Kings zone.
11:28 of 1st period - Slapshot by Andrei Svechnikov.
11:28 of 1st period - Stopped by Anthony Stolarz with a rebound.
13:14 of 1st period - Penalty to Joshua Brown is over, Joshua Brown is back on ice.
13:18 of 1st period - Joshua Brown is hit by Patrick Maroon and loses puck.
14:11 of 1st period - Wrist shot by Peyton Krebs.
14:11 of 1st period - Stopped by Anthony Stolarz with a rebound.
14:13 of 1st period - Snap shot by Jakub Zboril.
14:13 of 1st period - Stopped by Anthony Stolarz without a rebound.
14:14 of 1st period - Cooper Marody wins face-off versus Morgan Frost in Nashville Predators zone.
14:55 of 1st period - Wrist shot by Thomas Novak.
14:55 of 1st period - Shot Misses the Net.
14:57 of 1st period - Wrist shot by Jakub Voracek.
14:57 of 1st period - Shot Misses the Net.
14:59 of 1st period - Slapshot by Thomas Novak.
14:59 of 1st period - Shot Misses the Net.
15:01 of 1st period - Snap shot by Jacob Peterson.
15:01 of 1st period - Shot Misses the Net.
15:15 of 1st period - Brett Leason is hit by Alexander Romanov and loses puck.
15:24 of 1st period - Brett Leason is hit by Andrei Svechnikov and loses puck.
15:53 of 1st period - Morgan Frost is hit by Ryan Reaves and loses puck.
15:58 of 1st period - Snap shot by Cole Perfetti.
15:58 of 1st period - Stopped by Anthony Stolarz with a rebound.
16:00 of 1st period - Snap shot by Marco Rossi.
16:00 of 1st period - Shot Misses the Net.
16:14 of 1st period - Andrei Kuzmenko is hit by Jacob Peterson and loses puck.
16:46 of 1st period - Alexander Romanov is hit by Patrick Maroon and loses puck.
16:57 of 1st period - Zemgus Girgensons is hit by Alexander Romanov and loses puck.
17:04 of 1st period - Alexander Romanov is hit by Alex Newhook and loses puck.
17:25 of 1st period - Minor Penalty to Oliver Kylington for Goalie Interference.
17:26 of 1st period - Seth Jarvis wins face-off versus Ryan Carpenter in Nashville Predators zone.
17:52 of 1st period - Jacob Peterson is hit by Alexander Radulov.
18:12 of 1st period - Seth Jarvis is hit by Morgan Frost.
19:25 of 1st period - Penalty to Oliver Kylington is over, Oliver Kylington is back on ice.
19:34 of 1st period - Wrist shot by Thomas Novak.
19:34 of 1st period - Shot Blocked by Alexander Romanov.
Goals for this period are 0 for Los Angeles Kings vs 1 for Nashville Predators.
Shots for this period are 7 for Los Angeles Kings vs 9 for Nashville Predators.
2nd period
0:01 of 2nd period - Seth Jarvis wins face-off versus Thomas Novak in neutral zone.
0:10 of 2nd period - Wrist shot by Andrei Kuzmenko.
0:10 of 2nd period - Stopped by Anthony Stolarz with a rebound.
0:12 of 2nd period - Snap shot by Seth Jarvis.
0:12 of 2nd period - Stopped by Anthony Stolarz with a rebound.
0:14 of 2nd period - Snap shot by Owen Power.
0:14 of 2nd period - Stopped by Anthony Stolarz with a rebound.
0:16 of 2nd period - Snap shot by Owen Power.
0:16 of 2nd period - Stopped by Anthony Stolarz without a rebound.
0:17 of 2nd period - Alexander Radulov wins face-off versus Morgan Frost in Nashville Predators zone.
0:26 of 2nd period - Slapshot by Peyton Krebs.
0:26 of 2nd period - Shot Misses the Net.
0:28 of 2nd period - Snap shot by Noah Dobson.
0:28 of 2nd period - Shot Misses the Net.
0:30 of 2nd period - Slapshot by Noah Dobson.
0:30 of 2nd period - Stopped by Anthony Stolarz with a rebound.
0:52 of 2nd period - Wrist shot by Andrei Svechnikov.
0:52 of 2nd period - Shot Misses the Net.
0:58 of 2nd period - Minor Penalty to Jacob Peterson for Holding.
0:59 of 2nd period - Alexander Radulov wins face-off versus Morgan Frost in Nashville Predators zone.
2:58 of 2nd period - Penalty to Jacob Peterson is over, Jacob Peterson is back on ice.
8:02 of 2nd period - Trent Frederic is hit by Brett Leason and loses puck.
8:21 of 2nd period - Icing by Cooper Marody.
8:22 of 2nd period - Morgan Frost wins face-off versus Cooper Marody in Los Angeles Kings zone.
8:31 of 2nd period - Snap shot by Sam Gagner.
8:31 of 2nd period - Shot Misses the Net.
8:33 of 2nd period - Wrist shot by Sam Gagner.
8:33 of 2nd period - Deflect By Noah Dobson.
8:33 of 2nd period - Shot Blocked by Owen Power.
8:33 of 2nd period - Puck is out of play.
8:34 of 2nd period - Seth Jarvis wins face-off versus Corey Perry in Los Angeles Kings zone.
9:20 of 2nd period - Snap shot by Jacob Peterson.
9:20 of 2nd period - Shot Blocked by Owen Power.
9:30 of 2nd period - Snap shot by Cole Perfetti.
9:30 of 2nd period - Shot Blocked by Jacob Peterson.
9:45 of 2nd period - Oliver Kylington is hit by Andrei Kuzmenko.
9:53 of 2nd period - Wrist shot by Jakub Voracek.
9:53 of 2nd period - Shot Misses the Net.
9:55 of 2nd period - Slapshot by Jacob Peterson.
9:55 of 2nd period - Goal by Jacob Peterson - Los Angeles Kings : 0 - Nashville Predators : 2.
9:56 of 2nd period - Morgan Frost wins face-off versus Seth Jarvis in neutral zone.
10:34 of 2nd period - Snap shot by Zemgus Girgensons.
10:34 of 2nd period - Shot Misses the Net.
10:44 of 2nd period - Wrist shot by Noah Dobson.
10:44 of 2nd period - Shot Misses the Net.
10:50 of 2nd period - Wrist shot by Cole Perfetti.
10:50 of 2nd period - Shot Misses the Net.
10:52 of 2nd period - Slapshot by Ryan Reaves.
10:52 of 2nd period - Stopped by Anthony Stolarz with a rebound.
10:54 of 2nd period - Slapshot by Ryan Reaves.
10:54 of 2nd period - Shot Blocked by Jakub Voracek.
10:56 of 2nd period - Wrist shot by Ryan Reaves.
10:56 of 2nd period - Stopped by Anthony Stolarz with a rebound.
12:05 of 2nd period - Corey Perry is hit by Alexander Radulov and loses puck.
12:18 of 2nd period - Slapshot by K'Andre Miller.
12:18 of 2nd period - Goal by K'Andre Miller - Los Angeles Kings : 1 - Nashville Predators : 2.
12:19 of 2nd period - Morgan Frost wins face-off versus Seth Jarvis in neutral zone.
12:24 of 2nd period - Slapshot by Nate Schmidt.
12:24 of 2nd period - Stopped by John Gibson without a rebound.
12:25 of 2nd period - Morgan Frost wins face-off versus Seth Jarvis in Los Angeles Kings zone.
12:59 of 2nd period - Slapshot by Noah Dobson.
12:59 of 2nd period - Deflect By Corey Perry.
12:59 of 2nd period - Stopped by Anthony Stolarz without a rebound.
13:00 of 2nd period - Thomas Novak wins face-off versus Alexander Radulov in Nashville Predators zone.
13:56 of 2nd period - Snap shot by Andrei Svechnikov.
13:56 of 2nd period - Deflect By Andrei Kuzmenko.
13:56 of 2nd period - Shot Blocked by Alex Newhook.
13:56 of 2nd period - Puck is out of play.
13:57 of 2nd period - Morgan Frost wins face-off versus Alexander Radulov in Nashville Predators zone.
14:06 of 2nd period - Slapshot by Owen Power.
14:06 of 2nd period - Shot Blocked by Henri Jokiharju.
14:34 of 2nd period - Snap shot by Cole Perfetti.
14:34 of 2nd period - Stopped by Anthony Stolarz without a rebound.
14:35 of 2nd period - Thomas Novak wins face-off versus Seth Jarvis in Nashville Predators zone.
14:42 of 2nd period - Snap shot by Jakub Voracek.
14:42 of 2nd period - Stopped by John Gibson with a rebound.
15:02 of 2nd period - Icing by Trent Frederic.
15:03 of 2nd period - Corey Perry wins face-off versus Alexander Radulov in Los Angeles Kings zone.
15:04 of 2nd period - Snap shot by Alex Newhook.
15:04 of 2nd period - Shot Misses the Net.
15:33 of 2nd period - Snap shot by Andrei Kuzmenko.
15:33 of 2nd period - Stopped by Anthony Stolarz with a rebound.
15:35 of 2nd period - Slapshot by Alexander Romanov.
15:35 of 2nd period - Stopped by Anthony Stolarz with a rebound.
15:37 of 2nd period - Slapshot by K'Andre Miller.
15:37 of 2nd period - Stopped by Anthony Stolarz with a rebound.
15:59 of 2nd period - Slapshot by Noah Dobson.
15:59 of 2nd period - Goal by Noah Dobson - Los Angeles Kings : 2 - Nashville Predators : 2.
16:00 of 2nd period - Cole Perfetti wins face-off versus Morgan Frost in neutral zone.
16:09 of 2nd period - Wrist shot by Kevin Labanc.
16:09 of 2nd period - Shot Misses the Net.
16:25 of 2nd period - Corey Perry is hit by Owen Power and loses puck.
16:32 of 2nd period - Snap shot by Andrei Svechnikov.
16:32 of 2nd period - Shot Misses the Net.
16:34 of 2nd period - Slapshot by Owen Power.
16:34 of 2nd period - Shot Misses the Net.
16:36 of 2nd period - Slapshot by Owen Power.
16:36 of 2nd period - Deflect By Andrei Kuzmenko.
16:36 of 2nd period - Stopped by Anthony Stolarz without a rebound.
16:37 of 2nd period - Morgan Frost wins face-off versus Alexander Radulov in Nashville Predators zone.
17:08 of 2nd period - Snap shot by Marco Rossi.
17:08 of 2nd period - Shot Blocked by Zemgus Girgensons.
17:10 of 2nd period - Minor Penalty to Corey Perry for Tripping.
17:11 of 2nd period - Cole Perfetti wins face-off versus Morgan Frost in Nashville Predators zone.
17:12 of 2nd period - Slapshot by Alexander Radulov.
17:12 of 2nd period - Shot Blocked by Nate Schmidt.
17:14 of 2nd period - Slapshot by K'Andre Miller.
17:14 of 2nd period - Shot Misses the Net.
17:16 of 2nd period - Wrist shot by Marco Rossi.
17:16 of 2nd period - Shot Blocked by Morgan Frost.
17:18 of 2nd period - Slapshot by K'Andre Miller.
17:18 of 2nd period - Deflect By Alex Newhook.
17:18 of 2nd period - Goal by K'Andre Miller - Los Angeles Kings : 3 - Nashville Predators : 2.
17:19 of 2nd period - Jakub Voracek wins face-off versus Seth Jarvis in neutral zone.
18:25 of 2nd period - Minor Penalty to Kevin Labanc for Slashing.
18:26 of 2nd period - Ryan Carpenter wins face-off versus Andrei Kuzmenko in Nashville Predators zone.
18:56 of 2nd period - Wrist shot by Alex Newhook.
18:56 of 2nd period - Shot Misses the Net.
18:58 of 2nd period - Slapshot by Alexander Alexeyev.
18:58 of 2nd period - Shot Misses the Net.
19:53 of 2nd period - Noah Dobson is hit by Markus Niemelainen and loses puck.
Goals for this period are 3 for Los Angeles Kings vs 1 for Nashville Predators.
Shots for this period are 16 for Los Angeles Kings vs 3 for Nashville Predators.
3rd period
0:01 of 3rd period - Alex Newhook wins face-off versus Alexander Radulov in neutral zone.
0:25 of 3rd period - Penalty to Kevin Labanc is over, Kevin Labanc is back on ice.
0:26 of 3rd period - Jacob Peterson is hit by Andrei Svechnikov and loses puck.
0:35 of 3rd period - Wrist shot by Andrei Svechnikov.
0:35 of 3rd period - Stopped by Anthony Stolarz with a rebound.
0:53 of 3rd period - Markus Niemelainen is hit by Jakub Zboril.
1:14 of 3rd period - Joshua Brown is hit by Thomas Novak and loses puck.
1:33 of 3rd period - Snap shot by Ryan Carpenter.
1:33 of 3rd period - Stopped by John Gibson with a rebound.
1:35 of 3rd period - Wrist shot by Patrick Maroon.
1:35 of 3rd period - Stopped by John Gibson with a rebound.
1:37 of 3rd period - Snap shot by Patrick Maroon.
1:37 of 3rd period - Stopped by John Gibson with a rebound.
1:39 of 3rd period - Slapshot by Henri Jokiharju.
1:39 of 3rd period - Shot Blocked by Erik Brannstrom.
2:15 of 3rd period - Wrist shot by Cooper Marody.
2:15 of 3rd period - Shot Misses the Net.
2:17 of 3rd period - Wrist shot by Vitali Kravtsov.
2:17 of 3rd period - Goal by Vitali Kravtsov - Los Angeles Kings : 4 - Nashville Predators : 2.
2:18 of 3rd period - Corey Perry wins face-off versus Cole Perfetti in neutral zone.
2:27 of 3rd period - Wrist shot by Zemgus Girgensons.
2:27 of 3rd period - Shot Misses the Net.
3:14 of 3rd period - Snap shot by Trent Frederic.
3:14 of 3rd period - Shot Misses the Net.
3:34 of 3rd period - Snap shot by Noah Dobson.
3:34 of 3rd period - Stopped by Anthony Stolarz without a rebound.
3:35 of 3rd period - Cole Perfetti wins face-off versus Thomas Novak in Nashville Predators zone.
3:40 of 3rd period - Snap shot by Cole Perfetti.
3:40 of 3rd period - Deflect By Marco Rossi.
3:40 of 3rd period - Shot Blocked by Alexander Alexeyev.
3:40 of 3rd period - Puck is out of play.
3:41 of 3rd period - Cole Perfetti wins face-off versus Thomas Novak in Nashville Predators zone.
4:09 of 3rd period - Minor Penalty to Andrei Svechnikov for High sticking.
4:10 of 3rd period - Alexander Radulov wins face-off versus Morgan Frost in Los Angeles Kings zone.
4:28 of 3rd period - Slapshot by Andrei Kuzmenko.
4:28 of 3rd period - Shot Blocked by Nate Schmidt.
4:31 of 3rd period - Icing by Henri Jokiharju.
4:32 of 3rd period - Alexander Radulov wins face-off versus Morgan Frost in Nashville Predators zone.
5:18 of 3rd period - Backhand shot by Nate Schmidt.
5:18 of 3rd period - Stopped by John Gibson without a rebound.
5:19 of 3rd period - Thomas Novak wins face-off versus Cole Perfetti in Los Angeles Kings zone.
5:30 of 3rd period - Wrist shot by Jakub Voracek.
5:30 of 3rd period - Stopped by John Gibson without a rebound.
5:31 of 3rd period - Thomas Novak wins face-off versus Alexander Radulov in Los Angeles Kings zone.
6:09 of 3rd period - Penalty to Andrei Svechnikov is over, Andrei Svechnikov is back on ice.
6:37 of 3rd period - Icing by Brett Leason.
6:38 of 3rd period - Seth Jarvis wins face-off versus Patrick Maroon in Nashville Predators zone.
6:39 of 3rd period - Snap shot by Andrei Kuzmenko.
6:39 of 3rd period - Stopped by Anthony Stolarz with a rebound.
6:48 of 3rd period - Off-side.
6:49 of 3rd period - Thomas Novak wins face-off versus Seth Jarvis in neutral zone.
6:52 of 3rd period - Snap shot by Jacob Peterson.
6:52 of 3rd period - Shot Misses the Net.
7:05 of 3rd period - K'Andre Miller is hit by Jakub Voracek and loses puck.
7:16 of 3rd period - Seth Jarvis is hit by Alexander Alexeyev and loses puck.
7:21 of 3rd period - Snap shot by Sam Gagner.
7:21 of 3rd period - Shot Blocked by Andrei Kuzmenko.
7:23 of 3rd period - Wrist shot by Sam Gagner.
7:23 of 3rd period - Shot Misses the Net.
7:25 of 3rd period - Snap shot by Ethan Bear.
7:25 of 3rd period - Stopped by John Gibson with a rebound.
7:27 of 3rd period - Snap shot by Sam Gagner.
7:27 of 3rd period - Stopped by John Gibson with a rebound.
7:29 of 3rd period - Slapshot by Ethan Bear.
7:29 of 3rd period - Deflect By Morgan Frost.
7:29 of 3rd period - Stopped by John Gibson without a rebound.
7:30 of 3rd period - Corey Perry wins face-off versus Cole Perfetti in Los Angeles Kings zone.
7:58 of 3rd period - Peyton Krebs is hit by Markus Niemelainen and loses puck.
8:29 of 3rd period - Snap shot by Kevin Labanc.
8:29 of 3rd period - Shot Blocked by Cooper Marody.
8:51 of 3rd period - Snap shot by Andrei Kuzmenko.
8:51 of 3rd period - Stopped by Anthony Stolarz with a rebound.
9:06 of 3rd period - Slapshot by Nate Schmidt.
9:06 of 3rd period - Shot Blocked by K'Andre Miller.
9:12 of 3rd period - Snap shot by Brett Leason.
9:12 of 3rd period - Deflect By Ryan Carpenter.
9:12 of 3rd period - Stopped by John Gibson without a rebound.
9:13 of 3rd period - Corey Perry wins face-off versus Cole Perfetti in Los Angeles Kings zone.
9:22 of 3rd period - Snap shot by Marco Rossi.
9:22 of 3rd period - Shot Blocked by Ethan Bear.
9:24 of 3rd period - Snap shot by Erik Brannstrom.
9:24 of 3rd period - Shot Blocked by Corey Perry.
9:28 of 3rd period - Slapshot by Cole Perfetti.
9:28 of 3rd period - Shot Misses the Net.
9:38 of 3rd period - Ethan Bear is hit by Peyton Krebs.
9:42 of 3rd period - Wrist shot by Alexander Radulov.
9:42 of 3rd period - Shot Misses the Net.
10:06 of 3rd period - Slapshot by Ethan Bear.
10:06 of 3rd period - Shot Misses the Net.
10:08 of 3rd period - Slapshot by Ethan Bear.
10:08 of 3rd period - Stopped by John Gibson without a rebound.
10:09 of 3rd period - Morgan Frost wins face-off versus Marco Rossi in Los Angeles Kings zone.
11:38 of 3rd period - Cole Perfetti is hit by Kevin Labanc and loses puck.
11:43 of 3rd period - Snap shot by Sam Gagner.
11:43 of 3rd period - Stopped by John Gibson without a rebound.
11:44 of 3rd period - Seth Jarvis wins face-off versus Corey Perry in Los Angeles Kings zone.
12:20 of 3rd period - Snap shot by K'Andre Miller.
12:20 of 3rd period - Stopped by Anthony Stolarz with a rebound.
12:36 of 3rd period - Slapshot by Vitali Kravtsov.
12:36 of 3rd period - Stopped by Anthony Stolarz without a rebound.
12:37 of 3rd period - Cooper Marody wins face-off versus Thomas Novak in Nashville Predators zone.
12:44 of 3rd period - Thomas Novak is hit by Joshua Brown and loses puck.
13:26 of 3rd period - Snap shot by Vitali Kravtsov.
13:26 of 3rd period - Stopped by Anthony Stolarz with a rebound.
13:28 of 3rd period - Wrist shot by Jakub Zboril.
13:28 of 3rd period - Deflect By Cooper Marody.
13:28 of 3rd period - Shot Misses the Net.
13:28 of 3rd period - Puck is out of play.
13:29 of 3rd period - Thomas Novak wins face-off versus Alexander Radulov in Nashville Predators zone.
13:29 of 3rd period - Thomas Novak is hit by Owen Power.
13:39 of 3rd period - Slapshot by Owen Power.
13:39 of 3rd period - Deflect By Jacob Peterson.
13:39 of 3rd period - Stopped by Anthony Stolarz with a rebound.
14:01 of 3rd period - Minor Penalty to Owen Power for High sticking.
14:02 of 3rd period - Thomas Novak wins face-off versus Alexander Radulov in Los Angeles Kings zone.
14:04 of 3rd period - Wrist shot by Jacob Peterson.
14:04 of 3rd period - Shot Blocked by Noah Dobson.
14:06 of 3rd period - Snap shot by Henri Jokiharju.
14:06 of 3rd period - Stopped by John Gibson with a rebound.
14:08 of 3rd period - Wrist shot by Henri Jokiharju.
14:08 of 3rd period - Stopped by John Gibson with a rebound.
14:10 of 3rd period - Slapshot by Henri Jokiharju.
14:10 of 3rd period - Shot Blocked by Alexander Radulov.
14:12 of 3rd period - Slapshot by Nate Schmidt.
14:12 of 3rd period - Shot Misses the Net.
14:14 of 3rd period - Snap shot by Jacob Peterson.
14:14 of 3rd period - Nashville Predators goal is going for a video replay.
14:14 of 3rd period - The goal is good.
14:14 of 3rd period - Goal by Jacob Peterson - Los Angeles Kings : 4 - Nashville Predators : 3.
14:15 of 3rd period - Morgan Frost wins face-off versus Seth Jarvis in neutral zone.
14:20 of 3rd period - Wrist shot by Sam Gagner.
14:20 of 3rd period - Shot Blocked by Alexander Romanov.
14:22 of 3rd period - Slapshot by Markus Niemelainen.
14:22 of 3rd period - Stopped by John Gibson with a rebound.
14:24 of 3rd period - Wrist shot by Sam Gagner.
14:24 of 3rd period - Deflect By Kevin Labanc.
14:24 of 3rd period - Shot Misses the Net.
14:24 of 3rd period - Puck is out of play.
14:25 of 3rd period - Morgan Frost wins face-off versus Seth Jarvis in Los Angeles Kings zone.
14:32 of 3rd period - Slapshot by Morgan Frost.
14:32 of 3rd period - Stopped by John Gibson with a rebound.
14:34 of 3rd period - Wrist shot by Morgan Frost.
14:34 of 3rd period - Stopped by John Gibson with a rebound.
14:36 of 3rd period - Snap shot by Oliver Kylington.
14:36 of 3rd period - Shot Blocked by Seth Jarvis.
14:38 of 3rd period - Wrist shot by Markus Niemelainen.
14:38 of 3rd period - Shot Misses the Net.
14:51 of 3rd period - Minor Penalty to K'Andre Miller for Tripping.
14:52 of 3rd period - Alexander Radulov wins face-off versus Jacob Peterson in Los Angeles Kings zone.
15:04 of 3rd period - Slapshot by Jacob Peterson.
15:04 of 3rd period - Stopped by John Gibson without a rebound.
15:05 of 3rd period - Morgan Frost wins face-off versus Alexander Radulov in Los Angeles Kings zone.
15:06 of 3rd period - Wrist shot by Alex Newhook.
15:06 of 3rd period - Goal by Alex Newhook - Los Angeles Kings : 4 - Nashville Predators : 4.
15:07 of 3rd period - Cole Perfetti wins face-off versus Corey Perry in neutral zone.
15:26 of 3rd period - Noah Dobson is hit by Corey Perry and loses puck.
15:41 of 3rd period - Wrist shot by Jakub Voracek.
15:41 of 3rd period - Goal by Jakub Voracek - Los Angeles Kings : 4 - Nashville Predators : 5.
15:42 of 3rd period - Cooper Marody wins face-off versus Corey Perry in neutral zone.
16:34 of 3rd period - Wrist shot by Andrei Svechnikov.
16:34 of 3rd period - Shot Misses the Net.
17:09 of 3rd period - Ethan Bear is hit by Vitali Kravtsov and loses puck.
17:13 of 3rd period - Icing by Ethan Bear.
17:14 of 3rd period - Corey Perry wins face-off versus Cole Perfetti in Nashville Predators zone.
18:03 of 3rd period - Minor Penalty to Patrick Maroon for Holding.
18:04 of 3rd period - Morgan Frost wins face-off versus Alexander Radulov in Nashville Predators zone.
Goals for this period are 1 for Los Angeles Kings vs 3 for Nashville Predators.
Shots for this period are 9 for Los Angeles Kings vs 20 for Nashville Predators.
Back to the Top